 Dungeon Crawl Stone Soup version 0.31-a0-188-g5e087ee2ca (webtiles) character file.

Game seed: 10560675864103620808

1574 mopl the Chopper (level 9, -2/60 (65) HPs)
             Began as a Formicid Warper on June 23, 2023.
             Was a Follower of Cheibriados.
             Killed from afar by an orc wizard (9 damage)
             ... with a puff of flame
             ... on level 6 of the Dungeon.
             The game lasted 00:13:44 (8076 turns).

mopl the Chopper (Formicid Warper)                  Turns: 8076, Time: 00:13:45

HP:   -2/60 (65)    AC:  3    Str: 19    XL:     9   Next: 13%
MP:   16/16         EV: 12    Int: 18    God:    Cheibriados [*.....]
Gold: 236           SH:  5    Dex: 15    Spells: 5/18 levels left

rFire   . . .        G - +5 halberd
rCold   . . .        (no shield)
rNeg    . . .        f - +0 leather armour
rPois   +            (helmet unavailable)
rElec   .            (no cloak)
rCorr   +            (no gloves)
SInv    +            (no boots)
Will    .....        k - amulet of reflection
Stlth   +            i - ring of poison resistance
HPRegen 0.30/turn    F - ring of resist corrosion
MPRegen 0.15/turn

%: reflection
@: drained, very slow
A: permanent stasis, dig shafts and tunnels, antennae 3, four strong arms
a: Dig, Shaft Self, Renounce Religion, Bend Time


You were on level 6 of the Dungeon.
You worshipped Cheibriados.
Cheibriados was aware of your devotion.
You visited 1 branch of the dungeon, and saw 6 of its levels.
You also visited: Sewer.

You collected 392 gold pieces.
You spent 156 gold pieces at shops.

Inventory:

Hand Weapons
 a - a +0 war axe
 b - a +2 dagger of venom
 u - a +0 lajatang
 w - a +0 hand axe
 G - a +5 halberd (weapon)
Missiles
 d - 6 boomerangs of dispersal
 j - 18 poisoned darts (quivered)
Armour
 f - a +0 leather armour (worn)
 o - a +0 plate armour
Jewellery
 i - a ring of poison resistance (left hand)
 k - an amulet of reflection (around neck)
 p - a +6 ring of intelligence
 F - a ring of resist corrosion (right hand)
Scrolls
 c - 2 scrolls of blinking
 e - 2 scrolls of enchant weapon {unknown}
 g - a scroll of poison
 h - 2 scrolls of amnesia
 l - a scroll of acquirement {unknown}
 n - 2 scrolls of fear {unknown}
 q - 3 scrolls of revelation {unknown}
 r - 4 scrolls of teleportation {unknown}
 v - 3 scrolls of fog
 y - a scroll of immolation {unknown}
 A - a scroll of enchant armour {unknown}
Potions
 m - a potion of resistance
 s - a potion of cancellation
 t - 2 potions of mutation {unknown}
 x - a potion of ambrosia
 z - a potion of haste
 B - 2 potions of invisibility {unknown}
 C - 2 potions of brilliance {unknown}
 D - a potion of attraction {unknown}
 E - a potion of magic {unknown}


   Skills:
 + Level 3.7 Fighting
 * Level 6.9 Axes
 - Level 1.0 Throwing
 + Level 3.2 Armour
 + Level 3.1 Dodging
 - Level 5.0 Spellcasting
 + Level 5.0 Translocations
 + Level 2.3 Invocations


You had 5 spell levels left.
You knew the following spells:

 Your Spells              Type           Power      Damage    Failure   Level
a - Manifold Assault      Tloc           22%        N/A       21%         4
b - Lesser Beckoning      Tloc           44%        N/A       3%          2
c - Iskenderun's Mystic   Conj/Tloc      13%        2d5       50%         4
t - Teleport Other        Tloc           22%        N/A       6%          3

Your spell library contained the following spells:

 Spells                   Type           Power      Damage    Failure   Level
 Volatile Blastmotes      Fire/Tloc      26%        2d12      17%         3
 Fulminant Prism          Conj/Hex       2%         3d5       83%         4
 Lee's Rapid Deconstruct  Erth           2%         3d4*      99%         5
 Blink                    Tloc           Unusable   N/A       N/A         2
 Vhi's Electric Charge    Tloc/Air       Unusable   N/A       N/A         3

Dungeon Overview and Level Annotations

Branches:
Dungeon (6/15)              Sewer (visited)
 Temple: D:4-7

Altars:
Cheibriados
Hepliaklqana
Kikubaaqudgha
Wu Jian

Shops:
D:3 [   D:4 ?

Annotations:
D:3 shatter


Innate Abilities, Weirdness & Mutations

You cannot be hasted, slowed, berserked, paralysed or teleported.
You can dig through walls and to a lower floor.
You have a pair of large antennae on your head. (SInv)
Your four strong arms can wield two-handed weapons with a shield.


Message History

You slash the orc wizard!
The orc wizard is almost dead.
A wight comes into view. It is wielding a +3 short sword.
The orc wizard hits you with a +0 dagger.
You slash the orc wizard!
You kill the orc wizard!
Cheibriados appreciates the change of pace.
You barely miss the orc wizard.
The orc wizard hits you but does no damage.
You hit the orc wizard.
The orc wizard is lightly wounded.
You block the wight's attack. The orc wizard misses you.
You block the orc wizard's attack.
The wight hits you from afar with a +0 halberd!
You feel drained.
You miss the orc wizard.
The orc wizard is lightly wounded.
The wight hits you from afar with a +0 halberd!
You feel drained.
* * * LOW HITPOINT WARNING * * *
You block the orc wizard's attack. The orc wizard casts a spell at you.
The magic dart hits you!
* * * LOW HITPOINT WARNING * * *
You see here a +0 robe.
The orc wizard attacks as you move away!
The orc wizard barely misses you.
An orc comes into view.
It is wielding a +0 hand axe of draining.
The orc wizard hits you with a +0 dagger.
* * * LOW HITPOINT WARNING * * *
The orc moves out of view.
Okay, then.
The orc wizard hits you but does no damage.
The orc wizard mumbles some strange words.
The orc wizard flickers and vanishes for a moment.
The orc wizard attacks as you move away!
The orc wizard hits you but does no damage.
The orc wizard gestures at you while chanting.
The puff of flame hits you!
You die...

...
.######.#
..{.....#
######.#
#....#)#
#....#.#{
#....#.#
#....#z#
{#.@..#.#
{#.#..#z#
#..o.#z#
###z##{#
#.z..#
######


You could see 2 wights and an orc wizard (invisible).

Vanquished Creatures
  Duvessa (D:5)
  An ice beast (D:5)
  An ogre (D:4)
  3 phantoms (D:5)
  2 bullfrogs (Sewer)
  A wight (D:6)
  Dowan (D:5)
  A howler monkey (D:5)
  3 jellies
  3 orc priests (D:5)
  4 hounds (D:5)
  Jessica (D:3)
  3 iguanas
  Terence (D:3)
  6 orc wizards
  4 adders
  5 river rats (Sewer)
  A worm (D:4)
  3 dart slugs
  18 orcs
  4 bats
  5 endoplasms
  5 giant cockroaches
  7 goblins
  9 hobgoblins
  3 jackals (D:1)
  5 kobolds
  6 quokkas
  20 ball pythons
  5 frilled lizards
  27 rats
159 creatures vanquished.

Notes
Turn   | Place    | Note
-------+----------+-------------------------------------------
     0 | D:1      | mopl the Formicid Warper began the quest for the Orb.
     0 | D:1      | Reached XP level 1. HP: 16/16 MP: 3/3
   157 | D:1      | Reached XP level 2. HP: 18/22 MP: 5/5
   209 | D:1      | Learned a level 2 spell: Lesser Beckoning
   323 | D:1      | Reached XP level 3. HP: 14/27 MP: 6/6
   382 | D:1      | Learned a level 3 spell: Teleport Other
   407 | D:1      | Reached skill level 3 in Translocations
   776 | D:1      | Reached skill level 3 in Axes
  1206 | D:2      | Reached XP level 4. HP: 33/33 MP: 8/8
  1631 | D:2      | Reached skill level 3 in Spellcasting
  1866 | D:3      | Found Xirarr's Armour Boutique.
  1866 | D:3      | Noticed an animated shadow dragon scales
  1875 | D:3      | Noticed an animated gold dragon scales
  2019 | D:3      | Found a hazy altar of Hepliaklqana.
  2020 | D:3      | Found a faded altar of an unknown god.
  2020 | D:3      | Noticed Jessica
  2035 | D:3      | HP: 1/33 [Jessica/+0 dagger (6)]
  2052 | D:3      | Killed Jessica
  2053 | D:3      | Reached XP level 5. HP: 14/38 MP: 9/9
  2323 | D:3      | Noticed Terence
  2334 | D:3      | Killed Terence
  2336 | D:3      | Reached skill level 4 in Axes
  2592 | D:4      | Found Ufrawk's Magic Scroll Shoppe.
  2595 | D:4      | Bought a scroll of identify for 26 gold pieces
  2595 | D:4      | Bought a scroll of fog for 52 gold pieces
  2595 | D:4      | Bought a scroll of poison for 52 gold pieces
  2595 | D:4      | Bought a scroll of identify for 26 gold pieces
  2630 | D:4      | Reached XP level 6. HP: 9/44 MP: 11/11
  2714 | D:4      | Found a glowing drain.
  2726 | Sewer    | Entered a sewer
  2930 | Sewer    | Learned a level 4 spell: Manifold Assault
  3378 | Sewer    | Reached skill level 5 in Axes
  3378 | Sewer    | Reached skill level 4 in Translocations
  3378 | Sewer    | Reached XP level 7. HP: 15/50 MP: 12/12
  3382 | Sewer    | Reached skill level 4 in Spellcasting
  4293 | D:4      | Learned a level 4 spell: Iskenderun's Mystic Blast
  4917 | D:4      | Found an ancient bone altar of Kikubaaqudgha.
  4928 | D:5      | Entered Level 5 of the Dungeon
  5047 | D:5      | Reached skill level 2 in Dodging
  5071 | D:5      | HP: 2/51 [phantom (7)]
  5081 | D:5      | Reached XP level 8. HP: 14/57 MP: 14/14
  5094 | D:5      | Reached skill level 6 in Axes
  5441 | D:5      | Reached skill level 2 in Armour
  5485 | D:5      | Found a snail-covered altar of Cheibriados.
  5485 | D:5      | Found an ornate altar of the Wu Jian Council.
  5496 | D:5      | Became a worshipper of Cheibriados the Contemplative
  5678 | D:5      | Reached skill level 3 in Fighting
  5703 | D:5      | Reached skill level 1 in Invocations
  6067 | D:5      | Reached * piety under Cheibriados
  6112 | D:5      | Noticed Dowan
  6114 | D:5      | Noticed Duvessa
  6119 | D:5      | Killed Dowan
  6370 | D:5      | Killed Duvessa
  6371 | D:5      | Reached skill level 5 in Spellcasting
  6592 | D:5      | Reached skill level 3 in Dodging
  6592 | D:5      | Reached skill level 2 in Invocations
  6592 | D:5      | Reached XP level 9. HP: 29/64 MP: 16/16
  6950 | D:5      | Reached skill level 3 in Armour
  7108 | D:5      | Found a snail-covered altar of Cheibriados.
  7223 | D:5      | Found an ornate altar of the Wu Jian Council.
  7430 | D:5      | Reached skill level 5 in Translocations
  8076 | D:6      | Killed from afar by an orc wizard

Illustrated notes

Levels and vault maps discovered:
D:1:      eino_arrival_tree_alley, layout_loops_ring, st_stairs_9,
          minmay_misc_feat_four_crosses, serial_bayou_lagoon_a, nrook_campfire,
          solitary_fountain, amcnicky_mini_pool_small
D:2:      layout_basic
D:3:      layout_rooms, beargit_hepliaklqana_dungeon_heroes, serial_shops,
          nicolae_shop_mannequins, minmay_ruptured, uniq_terence
D:4:      layout_layer_cave, kennysheep_mini, cheibrodos_sewer_entry_sluice,
          serial_shops, nicolae_shop_rolled_up
D:5:      layout_loops_corners, nicolae_overflow_hidden_temple,
          minmay_misc_feat_tower, uniq_duvessa
D:6:      wad_woods_pond, layout_basic, ebering_ghost_reflecting_pool,
          uniq_crazy_yiuf_cottage

Skill      XL: |  1  2  3  4  5  6  7  8  9 |
---------------+----------------------------+-----
Translocations | 3 4 5 |  5.0
Axes           | 3 4 5 6 |  6.9
Spellcasting   | 3 4 5 |  5.0
Dodging        | 2 3 |  3.1
Armour         | 2 3 |  3.2
Fighting       | 3 |  3.7
Invocations    | 2 |  2.3
Throwing       | |  1.0

Action                     |  1- 3 |  4- 6 |  7- 9 || total
---------------------------+-------+-------+-------++-------
  Melee: Hand axe          |    19 |       |       ||    19
         Dagger            |    92 |   214 |   121 ||   427
         Punch             |       |     1 |     3 ||     4
         War axe           |       |       |   138 ||   138
         Unarmed           |       |       |     5 ||     5
         Halberd           |       |       |     8 ||     8
  Throw: Dart              |       |       |     1 ||     1
         Boomerang         |       |       |     1 ||     1
   Cast: Teleport Other    |       |       |    10 ||    10
Ability: Dig               |       |       |     1 ||     1
    Use: Scroll            |       |     6 |     1 ||     7
         Potion            |       |     1 |     3 ||     4
 Armour: Leather armour    |    34 |    43 |    35 ||   112
         Skin              |       |       |    21 ||    21
  Dodge: Dodged            |    65 |   139 |   123 ||   327
  Block: Other             |    12 |    50 |    61 ||   123

Table legend: (Time is in decaauts)
 A = Elapsed time spent in this place.
 B = Non-inter-level travel time spent in this place.
 C = Inter-level travel time spent in this place.
 D = Time resting spent in this place.
 E = Time spent auto-exploring this place.
 F = Levels seen in this place.
 G = Mean time per level.
                   A        B        C        D        E       F      G
               +--------+--------+--------+--------+--------+-----+--------+
         Total |   8674 |   8473 |    201 |   2181 |   4670 |   7 | 1239.1 |
       Dungeon |   7757 |   7556 |    201 |   1730 |   4560 |   6 | 1292.8 |
         Sewer |    916 |    916 |      0 |    451 |    109 |   1 |  916.0 |
               +--------+--------+--------+--------+--------+-----+--------+

Top non-repeatable levels by time:
     D:5: 3398 daAuts
     D:4: 1543 daAuts
     D:1: 1080 daAuts
   Sewer: 916 daAuts
     D:3: 781 daAuts
     D:2: 676 daAuts
     D:6: 276 daAuts
